 Dungeon Crawl Stone Soup version 0.21-a0-528-gf531e82 (webtiles) character file.

79 slep the Chopper (level 4, -13/37 HPs)
             Began as a Draconian Gladiator on Dec 9, 2017.
             Was an Initiate of Okawaru.
             Mangled by Sigmund
             ... wielding a +2 scythe of distortion
              (22 damage)
             ... on level 3 of the Dungeon.
             The game lasted 00:05:04 (1461 turns).

slep the Chopper (Draconian Gladiator)              Turns: 1461, Time: 00:05:05

Health: -13/37     AC:  5    Str: 21    XL:     4   Next: 17%
Magic:  4/4        EV: 13    Int:  9    God:    Okawaru [......]
Gold:   72         SH:  0    Dex: 13    Spells: 3/3 levels left

rFire    . . .     SeeInvis .   a - +0 war axe
rCold    . . .     Gourm    .   (no shield)
rNeg     . . .     Faith    .   (armour unavailable)
rPois    .         Spirit   .   b - +0 hat
rElec    .         Reflect  .   (no cloak)
rCorr    .         Harm     .   (no gloves)
MR       .....                  (no boots)
Stlth    +.........             (no amulet)
HPRegen  0.12/turn              (no ring)
MPRegen  0.09/turn              (no ring)

@: confused, mighty
A: unfitting armour, cold-blooded, AC +5
a: Renounce Religion


You were on level 3 of the Dungeon.
You worshipped Okawaru.
Okawaru was noncommittal.
You were not hungry.

You visited 1 branch of the dungeon, and saw 3 of its levels.

You collected 72 gold pieces.

Inventory:

Hand Weapons
 a - a +0 war axe (weapon)
Missiles
 c - 3 throwing nets (quivered)
Armour
 b - a +0 hat (worn)
Jewellery
 g - a cursed ring of loudness {unknown}
Scrolls
 e - 2 scrolls of remove curse {unknown}
 f - a scroll of random uselessness {unknown}
 i - a scroll of fear {unknown}
 k - 5 scrolls of identify {unknown}
 l - a scroll of amnesia {unknown}
 n - a scroll of magic mapping {unknown}
 s - a scroll of noise {unknown}
Potions
 m - 3 potions of brilliance {unknown}
 q - a potion of mutation {unknown}
Comestibles
 d - a bread ration
 h - a royal jelly
 o - 3 fruits
 r - 2 chunks of flesh


   Skills:
 + Level 2.7 Fighting
 + Level 4.1 Axes
 + Level 1.9 Throwing
 + Level 3.3 Dodging


You had 3 spell levels left.
You didn't know any spells.

Dungeon Overview and Level Annotations

Branches:
Dungeon (3/15)

Altars:
Makhleb
Okawaru
Ru
Sif Muna

Annotations:
D:3 Sigmund


Innate Abilities, Weirdness & Mutations

Your plain brown scales are hard. (AC +5)
You cannot fit into any form of body armour.
You are cold-blooded and may be slowed by cold attacks.


Message History

You bump into the rock wall.
Sigmund mumbles some strange words.
Sigmund flickers and vanishes!
Deactivating autopickup; reactivate with Ctrl-A.
It was a potion of curing.
You feel better.
It was a potion of might.
You feel very mighty all of a sudden.
You miss something.
Your tail-slap misses something.
Something hits you! Space bends around you.
You closely miss something.
You hear some strange, mumbled words.
You are confused.
You bump into the rock wall.
Something hits you!
* * * LOW HITPOINT WARNING * * *
Space bends around you.
* * * LOW HITPOINT WARNING * * *
You bump into the rock wall.
Something barely misses you.
You completely miss something. Something hits you!!
Ouch! That really hurt!
You die...

#.# #... #.#
#.### #.# #.# #
#.# . #.# .#
#.########.###
#.##...<.....#
#...........#.#
#..#.##@...##
#..#.##{###...#
#..#.##.# ..$#
...#.##.# .#.#
#......... . .
#.#(#.###. #.
#.#.#.# . .#


There were no monsters in sight!

Vanquished Creatures
  A gnoll (D:1)
  An ooze (D:1)
  2 worms (D:2)
  2 dart slugs
  A leopard gecko (D:2)
  3 orcs (D:2)
  A ball python (D:1)
  5 bats
  8 giant cockroaches
  3 goblins
  3 hobgoblins
  9 kobolds
  2 frilled lizards
  7 rats
48 creatures vanquished.

Notes
Turn   | Place    | Note
-------+----------+-------------------------------------------
     0 | D:1      | slep the Draconian Gladiator began the quest for the Orb.
     0 | D:1      | Reached XP level 1. HP: 17/17 MP: 1/1
    26 | D:1      | Reached XP level 2. HP: 9/25 MP: 2/2
   274 | D:1      | Reached XP level 3. HP: 30/30 MP: 3/3
   689 | D:2      | Found a sacrificial altar of Ru.
  1125 | D:2      | Reached skill level 4 in Axes
  1188 | D:2      | Found a burning altar of Makhleb.
  1264 | D:2      | Found an iron altar of Okawaru.
  1267 | D:2      | Reached XP level 4. HP: 34/37 MP: 4/4
  1276 | D:2      | Became a worshipper of Warmaster Okawaru
  1398 | D:3      | Found a deep blue altar of Sif Muna.
  1448 | D:3      | Noticed Sigmund
  1461 | D:3      | Mangled by Sigmund

Vault maps used:
D:1:      minmay_arrival_jagged
D:2:      lightli_temple_of_fire, lemuel_crystal_altar,
          okawaru_altar_gauntlet_db
D:3:      lemuel_doored_altar, gup_sewer_entry_bowl, uniq_sigmund

Skill      XL: |  1  2  3 |
---------------+----------+-----
Dodging        | 3 |  3.3
Axes           | 4 |  4.1
Fighting       | |  2.7
Throwing       | |  1.9

Action                   |  1- 3 |  4- 6 || total
-------------------------+-------+-------++-------
Melee: War axe           |    87 |    21 ||   108
       Tailslap          |    10 |     3 ||    13
  Use: Potion            |       |     2 ||     2
 Stab: Sleeping          |     2 |     1 ||     3
  Eat: Chunk             |     1 |     1 ||     2
Armor: Skin              |    36 |     5 ||    41
Dodge: Dodged            |    70 |    19 ||    89

Table legend:
 A = Spawn XP
 B = Non-spawn XP
 C = Spawn XP percentage of total XP
 D = Spawn monster count
 E = Non-spawn monster count
 F = Spawn count percentage of total count
 G = Total turns spent on level
                    A         B        C        D         E        F      G
               +---------+---------+-------+---------+---------+-------+---------
         Total |       0 |     114 |   0.0 |       0 |      48 |   0.0 |  1461
               +---------+---------+-------+---------+---------+-------+---------
           D:1 |       0 |      51 |   0.0 |       0 |      18 |   0.0 |   645
           D:2 |       0 |      55 |   0.0 |       0 |      25 |   0.0 |   705
           D:3 |       0 |       8 |   0.0 |       0 |       5 |   0.0 |   111
               +---------+---------+-------+---------+---------+-------+---------
